 Dungeon Crawl Stone Soup version 0.25-a0-561-g0977b4d109 (webtiles) character file.

Game seed: 13980384195595152902, levelgen mode: deterministic

7591 Flugslaktarn the Cleaver (level 11, -4/87 HPs)
             Began as a Formicid Fighter on Feb 25, 2020.
             Was a Priest of Makhleb.
             Slain by a killer bee (5 damage)
             ... on level 10 of the Dungeon.
             The game lasted 00:04:30 (8384 turns).

Flugslaktarn the Cleaver (Formicid Fighter)         Turns: 8384, Time: 00:04:30

Health: -4/87      AC: 17    Str: 25    XL:     11   Next: 40%
Magic:  16/16      EV:  9    Int:  7    God:    Makhleb [***...]
Gold:   388        SH: 12    Dex: 10    Spells: 10/10 levels left

rFire    . . .     SeeInvis +   s - +0 broad axe
rCold    . . .     Gourm    .   c - +0 kite shield
rNeg     . . .     Faith    .   q - +0 plate armour
rPois    .         Spirit   .   (helmet unavailable)
rElec    .         Reflect  .   (no cloak)
rCorr    .         Harm     .   (no gloves)
MR       ++...                  p - +2 pair of boots
Stlth    ..........             (no amulet)
HPRegen  0.24/turn              m - ring of protection from magic
MPRegen  0.15/turn              v - +2 ring of evasion

@: lethally poisoned (-4 -> -8)
A: permanent stasis, dig shafts and tunnels, four strong arms, antennae 3
a: Dig, Shaft Self, Minor Destruction, Lesser Servant of Makhleb, Renounce
Religion


You were on level 10 of the Dungeon.
You worshipped Makhleb.
Makhleb was most pleased with you.
You were not hungry.

You visited 2 branches of the dungeon, and saw 11 of its levels.

You collected 434 gold pieces.
You spent 46 gold pieces at shops.

Inventory:

Hand Weapons
 a - a +1 war axe
 s - a +0 broad axe (weapon)
   (You took it off Maggie on level 6 of the Dungeon)
Armour
 c - a +0 kite shield (worn)
 p - a +2 pair of boots (worn)
   (You found it on level 5 of the Dungeon)
 q - a +0 plate armour (worn)
   (You found it on level 5 of the Dungeon)
Jewellery
 m - a ring of protection from magic (left hand)
   (You found it on level 3 of the Dungeon)
 v - a +2 ring of evasion (right hand)
   (You found it on level 4 of the Dungeon)
Wands
 k - a wand of digging (8)
   (You took it off Ijyb on level 3 of the Dungeon)
Scrolls
 g - 2 scrolls of fog
 r - 2 scrolls of identify
 w - 5 scrolls of remove curse
Potions
 b - a potion of brilliance
 d - 2 potions of might
 f - 2 potions of flight
 h - a potion of stabbing {unknown}
 i - a potion of haste {unknown}
 j - a potion of heal wounds {unknown}
 l - a potion of ambrosia
Comestibles
 e - 13 rations
 n - 3 chunks of flesh


   Skills:
 + Level 8.4 Fighting
 * Level 10.2 Axes
 + Level 8.5 Armour
 + Level 9.2 Shields
 + Level 7.3 Invocations


You had 10 spell levels left.
You didn't know any spells.
Your spell library was empty.

Dungeon Overview and Level Annotations

Branches:
Dungeon (10/15)            Temple (1/1) D:4            Lair (0/6) D:9
    Orc: D:9-12

Altars:
Ashenzari
Elyvilon
Fedhas
Gozag
Hepliaklqana
Kikubaaqudgha
Makhleb
Nemelex Xobeh
Okawaru
Qazlal
Ru
Sif Muna
Trog
Uskayaw
Vehumet
Wu Jian
Xom
Yredelemnul
The Shining One
Lugonu

Shops:
D:6 *   D:8 *

Annotations:
D:8 2 transporters, Crl's ghost, novice NaFi


Innate Abilities, Weirdness & Mutations

You cannot be hasted, slowed, berserked, paralysed or teleported.
You can dig through walls and to a lower floor.
Your four strong arms can wield two-handed weapons with a shield.
You have a pair of large antennae on your head. (SInv)


Message History

You feel less confused.
* * * LOW HITPOINT WARNING * * *
You feel sick. The killer bee closely misses you. The killer bee misses you.
Things that are here:
a yak corpse x2; a killer bee corpse
* * * LOW HITPOINT WARNING * * *
You feel sick. You block the killer bee's attack. The yak gores you.
* * * LOW HITPOINT WARNING * * *
* * * LOW HITPOINT WARNING * * *
You feel sick. You block the killer bee's attack.
Found a stone staircase leading up.
* * * LOW HITPOINT WARNING * * *
You feel sick. The killer bee barely misses you.
* * * LOW HITPOINT WARNING * * *
You feel sick. You block the killer bee's attack.
* * * LOW HITPOINT WARNING * * *
You feel sick. You block the killer bee's attack.
* * * LOW HITPOINT WARNING * * *
You feel sick. The killer bee stings you.
You die...

#...<... #.......
.###############......
....................#
....................#
....................+
...........†..Y.....#
..........†....y@...#
....................#
...###'##+##...........
. #....+ #...........
#<...# #...........
#....# #...........
#....# #.........##
#....# +.........#
#..###


You could see a yak and a killer bee.

Vanquished Creatures
  A two-headed ogre (D:8)
  Pikel (D:6)
  A manticore (D:7)
  Maggie (D:6)
  A komodo dragon (D:9)
  A troll (D:9)
  2 hippogriffs
  A hungry ghost (D:7)
  6 humans (D:7)
  2 yaks (D:10)
  An orc warrior (D:8)
  Duvessa (D:5)
  An ice beast (D:8)
  3 sky beasts
  A necrophage (D:8)
  An eye of draining (D:8)
  4 centaurs
  4 phantoms
  An ogre (D:5)
  Blork the orc (D:6)
  2 big kobolds (D:9)
  6 bullfrogs
  A water moccasin zombie (D:8)
  Dowan (D:5)
  3 scorpions
  3 killer bees (D:10)
  2 howler monkeys
  3 crimson imps
  3 jellies
  9 hounds
  2 orc priests
  3 bullfrog skeletons
  Ijyb (D:3)
  Terence (D:3)
  11 worker ants
  4 orc wizards
  A hound zombie (D:6)
  11 adders
  3 gnolls (D:8)
  2 shadow imps
  An ooze (D:7)
  An adder zombie (D:9)
  An adder skeleton (D:4)
  2 worms (D:4)
  2 dart slugs (D:3)
  2 leopard geckos
  27 orcs
  A giant cockroach (D:6)
  3 goblins
  3 hobgoblins
  15 kobolds
  4 quokkas
  A ball python (D:6)
  4 bats
  4 frilled lizards
  2 gnoll zombies (D:7)
  A jackal zombie (D:5)
  A leopard gecko skeleton (D:6)
  A quokka skeleton (D:5)
  A quokka zombie (D:9)
  4 rats
188 creatures vanquished.

Vanquished Creatures (others)
  5 plants (D:9)
5 creatures vanquished.

Grand Total: 193 creatures vanquished

Notes
Turn   | Place    | Note
-------+----------+-------------------------------------------
     0 | D:1      | Flugslaktarn the Formicid Fighter began the quest for the
                  | Orb.
     0 | D:1      | Reached XP level 1. HP: 18/18 MP: 1/1
   134 | D:1      | Reached XP level 2. HP: 19/24 MP: 2/2
   501 | D:2      | Reached XP level 3. HP: 3/29 MP: 3/3
   795 | D:2      | Reached XP level 4. HP: 37/37 MP: 4/4
   825 | D:3      | Reached skill level 3 in Axes
  1183 | D:3      | Reached XP level 5. HP: 42/42 MP: 5/5
  1502 | D:3      | Noticed Ijyb
  1513 | D:3      | Killed Ijyb
  1547 | D:3      | Noticed Terence
  1557 | D:3      | Killed Terence
  1654 | D:4      | Reached XP level 6. HP: 41/48 MP: 6/6
  1734 | D:4      | Reached skill level 4 in Axes
  1913 | D:4      | Reached skill level 5 in Shields
  2072 | D:4      | Noticed a phantom
  2107 | D:4      | Killed a phantom
  2107 | D:4      | Reached XP level 7. HP: 25/55 MP: 7/7
  2435 | D:4      | Found a staircase to the Ecumenical Temple.
  2761 | Temple   | Entered the Ecumenical Temple
  2863 | Temple   | Became a worshipper of Makhleb the Destroyer
  3054 | D:5      | Entered Level 5 of the Dungeon
  3055 | D:5      | Found a white marble altar of Elyvilon.
  3062 | D:5      | Reached skill level 5 in Axes
  3664 | D:5      | Noticed Duvessa
  3664 | D:5      | Noticed Dowan
  3674 | D:5      | Killed Duvessa
  3674 | D:5      | Reached skill level 5 in Armour
  3674 | D:5      | Reached skill level 1 in Invocations
  3676 | D:5      | Killed Dowan
  3676 | D:5      | Reached skill level 5 in Fighting
  3684 | D:5      | Reached XP level 8. HP: 4/62 MP: 9/9
  4320 | D:6      | Noticed Blork the orc
  4331 | D:6      | Killed Blork the orc
  4516 | D:6      | Found Gozag's Platinum Reserve.
  4521 | D:6      | Found an opulent altar of Gozag.
  4662 | D:6      | Noticed Maggie
  4666 | D:6      | Reached skill level 6 in Axes
  4680 | D:6      | Killed Maggie
  4863 | D:6      | Reached * piety under Makhleb
  4863 | D:6      | Reached XP level 9. HP: 24/69 MP: 11/11
  5291 | D:6      | Noticed Pikel
  5298 | D:6      | Killed Pikel
  5298 | D:6      | Reached skill level 7 in Axes
  5418 | D:6      | Found a basalt altar of Yredelemnul.
  5420 | D:6      | Found a stormy altar of Qazlal.
  5420 | D:6      | Found a sparkling altar of Nemelex Xobeh.
  5428 | D:6      | Found a shimmering altar of Xom.
  5428 | D:6      | Found a shimmering altar of Xom.
  5428 | D:6      | Found an ancient bone altar of Kikubaaqudgha.
  5556 | D:7      | Reached skill level 5 in Invocations
  5574 | D:7      | Reached skill level 8 in Axes
  5574 | D:7      | Reached XP level 10. HP: 59/77 MP: 13/13
  5705 | D:7      | Found a basalt altar of Yredelemnul.
  5737 | D:7      | Found a shattered altar of Ashenzari.
  5773 | D:7      | Noticed a manticore
  5781 | D:7      | Killed a manticore
  5856 | D:7      | Found a hide-covered altar of Uskayaw.
  6119 | D:7      | Found a blossoming altar of Fedhas.
  6119 | D:7      | Found a white marble altar of Elyvilon.
  6141 | D:7      | Found a hazy altar of Hepliaklqana.
  6256 | D:7      | Found a shimmering blue altar of Sif Muna.
  6652 | D:8      | Reached skill level 9 in Axes
  6682 | D:8      | Reached ** piety under Makhleb
  6703 | D:8      | Noticed a two-headed ogre
  6711 | D:8      | Killed a two-headed ogre
  6807 | D:8      | Found Ysoidaqo's Assorted Antiques.
  6814 | D:8      | Bought a scroll labeled KEGIKO HESA for 23 gold pieces
  6814 | D:8      | Bought a scroll labeled MUUNIR HOUPS for 23 gold pieces
  6848 | D:8      | Found a transporter.
  6869 | D:8      | Found a transporter.
  6871 | D:8      | Noticed Crl's ghost (novice NaFi)
  6874 | D:8      | Identified the +10 dire flail of Circular Logic {distort,
                  | -Tele rElec MR+}
  6874 | D:8      | Noticed a two-headed ogre
  6931 | D:8      | Reached XP level 11. HP: 81/86 MP: 15/15
  7654 | D:9      | Reached *** piety under Makhleb
  7876 | D:9      | Reached skill level 10 in Axes
  8041 | D:9      | Found a staircase to the Lair.
  8344 | D:10     | Entered Level 10 of the Dungeon
  8376 | D:10     | HP: 2/87 [killer bee (7)]
  8381 | D:10     | HP: 4/87 [poisoned by a killer bee]
  8384 | D:10     | HP: 1/87 [poisoned by a killer bee]
  8384 | D:10     | Slain by a killer bee

Levels and vault maps discovered:
D:1:      nzn_arrival_settlement, layout_basic, hex_tiny
D:2:      layout_basic, gammafunk_temple_overflow_wave,
          amethyst_overflow_temple_binary
D:3:      layout_rooms, first_ration, uniq_grinder, uniq_ijyb, uniq_terence
D:4:      layout_basic, minmay_temple_entry_enclosed_plants
D:5:      layout_basic, elyvilon_altar_4, uniq_duvessa
D:6:      layout_loops_ring, nicolae_gozag_zags_fifth_avenue,
          doesnt_xom_only_xom, uniq_maggie, uniq_blork_the_orc, uniq_pikel
D:7:      layout_basic, lemuel_doored_altar, lemuel_zombie_altar_yredelemnul,
          kennysheep_mini, kennysheep_little_box,
          nicolae_overflow_crystal_walls, gammafunk_temple_overflow_elements,
          minmay_ruffians
D:8:      layout_layer_cave, serial_shops, nicolae_shop_crystal,
          gammafunk_ghost_smash
D:9:      layout_long_grid, david_lair_shrubbed
D:10:     layout_gridville, the_bakery, uniq_grum
Temple:   corrupted_temple

Skill      XL: |  1  2  3  4  5  6  7  8  9 10 11 |
---------------+----------------------------------+-----
Shields        | 4 5 6 7 8 9 |  9.2
Axes           | 3 4 5 6 8 9 10 | 10.2
Armour         | 4 5 6 7 8 |  8.5
Fighting       | 4 5 6 7 8 |  8.4
Invocations    | 1 3 5 6 7 |  7.3

Action                   |  1- 3 |  4- 6 |  7- 9 | 10-12 || total
-------------------------+-------+-------+-------+-------++-------
Melee: War axe           |    56 |   110 |   128 |       ||   294
       Broad axe         |       |       |   109 |   322 ||   431
 Abil: Dig               |       |       |     1 |       ||     1
  Use: Potion            |     1 |       |       |     1 ||     2
       Scroll            |       |       |     4 |     7 ||    11
  Eat: Chunk             |       |     1 |     4 |     8 ||    13
       Ration            |       |     1 |     2 |     1 ||     4
Armor: Scale mail        |    24 |    28 |       |       ||    52
       Chain mail        |       |    17 |    22 |       ||    39
       Plate armour      |       |       |   104 |   185 ||   289
Dodge: Dodged            |    27 |    32 |    51 |   139 ||   249
Block: Kite shield       |    30 |    57 |   128 |   232 ||   447

Table legend:
 A = Non-vault XP
 B = Vault XP
 C = Vault XP percentage of total XP
 D = Non-vault monster count
 E = Vault monster count
 F = Vault count percentage of total count
                 A         B        C        D         E       F
            +---------+---------+-------+---------+---------+-------
      Total |    7884 |    2961 |  27.3 |     172 |      16 |   8.5
            +---------+---------+-------+---------+---------+-------
        D:1 |      12 |       0 |   0.0 |       8 |       0 |   0.0
        D:2 |      58 |       0 |   0.0 |       8 |       0 |   0.0
        D:3 |     125 |      72 |  36.5 |      21 |       2 |   8.7
        D:4 |     394 |       0 |   0.0 |      15 |       0 |   0.0
        D:5 |     233 |     211 |  47.5 |       6 |       2 |  25.0
        D:6 |     777 |    1141 |  59.5 |      26 |       3 |  10.3
        D:7 |    1539 |    1182 |  43.4 |      17 |       8 |  32.0
        D:8 |    2710 |       0 |   0.0 |      31 |       0 |   0.0
        D:9 |    1235 |     355 |  22.3 |      33 |       1 |   2.9
       D:10 |     801 |       0 |   0.0 |       7 |       0 |   0.0
            +---------+---------+-------+---------+---------+-------
